 Dungeon Crawl Stone Soup version 0.25-a0-661-g55ea3d2053 (webtiles) character file.

Game seed: 795841802302155066, levelgen mode: deterministic

325 kae the Insei (level 6, -5/43 HPs)
             Began as a Merfolk Transmuter on Mar 23, 2020.
             Killed by divine providence
             ... invoked by an orc priest
              (15 damage)
             ... on level 5 of the Dungeon.
             The game lasted 00:02:30 (2317 turns).

kae the Insei (Merfolk Transmuter)                  Turns: 2317, Time: 00:02:31

Health: -5/43      AC:  2    Str: 10    XL:     6   Next: 48%
Magic:  10/11      EV: 13    Int: 14    God:
Gold:   145        SH:  0    Dex: 17    Spells: 5/11 levels left

rFire    . . .     SeeInvis .     - Unarmed
rCold    + . .     Gourm    .   (no shield)
rNeg     . . .     Faith    .   b - +0 robe
rPois    .         Spirit   .   (no helmet)
rElec    .         Reflect  .   (no cloak)
rCorr    .         Harm     .   (no gloves)
MR       .....                  (no boots)
Stlth    ++........             (no amulet)
HPRegen  0.54/turn              j - ring of protection from cold
MPRegen  0.12/turn              (no ring)

@: appendage
A: change form in water, swift swim, stealthy swim, horns 2, thin skeletal
structure 1, blink, regeneration 1
a: End Transformation, Blink


You were on level 5 of the Dungeon.
You were not hungry.
You had grown temporary horns.
You visited 1 branch of the dungeon, and saw 4 of its levels.

You collected 145 gold pieces.

Inventory:

Missiles
 a - 12 arrows
Armour
 b - a +0 robe (worn)
Jewellery
 h - an uncursed ring of wizardry {unknown}
 j - a ring of protection from cold (left hand)
 q - an uncursed amulet of harm
Scrolls
 c - a scroll of magic mapping
 e - 3 scrolls of teleportation
 f - a scroll of remove curse
 i - a scroll of amnesia
 l - 3 scrolls of noise {unknown}
Potions
 k - a potion of mutation
 m - a potion of heal wounds {unknown}
 o - a potion of lignification
 p - a potion of curing
 r - a potion of magic
Comestibles
 d - 2 rations
 g - 2 chunks of flesh


   Skills:
 - Level 1.1 Fighting
 - Level 2.6 Dodging
 * Level 5.9 Unarmed Combat
 + Level 3.4 Spellcasting
 + Level 4.9 Transmutations


You had 5 spell levels left.
You knew the following spells:

 Your Spells              Type           Power        Failure   Level  Hunger
a - Beastly Appendage     Tmut           ###...       2%          1    #......
b - Sticks to Snakes      Tmut           ###.....     4%          2    ##.....
c - Spider Form           Tmut/Pois      #.........   22%         3    ###....

Your spell library contained the following spells:

 Spells                   Type           Power        Failure   Level  Hunger
 Ice Form                 Ice/Tmut       #.......     58%         4    #####..
 Blade Hands              Tmut           ###.......   58%         5    ######.


Dungeon Overview and Level Annotations

Branches:
Dungeon (3/15)

Altars:
Dithmenos
Gozag

Shops:
D:5 [


Innate Abilities, Weirdness & Mutations

You revert to your normal form in water.
You are very nimble and swift while swimming.
You are very stealthy in the water. (Stealth+)
You have a pair of horns on your head.
You have a somewhat thin skeletal structure. (Dex +2, Stealth)
You can translocate small distances at will.
Your natural rate of healing is unusually fast.


Message History

The orc is severely wounded.
The gnoll closely misses you.
An orc comes into view. It is wielding a +0 dagger.
The orc closely misses you.
You hit the orc.
You kill the orc!
The gnoll barely misses you.
A ball python comes into view.
Really quaff the potion of lignification?
Okay, then.
There are monsters nearby!
It was a potion of mutation.
You feel extremely strange.
You feel jittery.
You begin to heal more quickly.
Your bones become slightly less dense.
The giant cockroach barely misses you.
The gnoll hits you from afar with a +0 spear!
* * * LOW HITPOINT WARNING * * *
The orc priest invokes the aid of Beogh against you.
Beogh smites you!
You die...

#.# ### #.# #.# #.# #.#
#.# #)# #.###.#########
#.............#
#.###.#############..
####.#..........@sgso...
..................o...S.
####.#.#.#############..
...............
##...........#. #
#..#.#.##.#.#.#
..#..............
#.#..............
.....#.#.###.....


You could see an orc priest, a gnoll, an orc, 2 giant cockroaches and a ball
python (wandering).

Vanquished Creatures
  Sigmund (D:2)
  A sky beast (D:5)
  A gnoll (D:5)
  An adder (D:2)
  3 dart slugs
  An orc (D:5)
  6 giant cockroaches
  5 goblins
  7 hobgoblins
  6 kobolds
  4 bats
  A frilled lizard (D:2)
  11 rats
48 creatures vanquished.

Notes
Turn   | Place    | Note
-------+----------+-------------------------------------------
     0 | D:1      | kae the Merfolk Transmuter began the quest for the Orb.
     0 | D:1      | Reached XP level 1. HP: 15/15 MP: 3/3
   110 | D:1      | Reached XP level 2. HP: 16/21 MP: 3/5
   357 | D:1      | Reached XP level 3. HP: 21/26 MP: 4/6
   366 | D:1      | Reached skill level 4 in Unarmed Combat
   959 | D:2      | Found a shadowy altar of Dithmenos.
  1123 | D:2      | Noticed Sigmund
  1467 | D:2      | Found an opulent altar of Gozag.
  1577 | D:2      | Reached XP level 4. HP: 30/32 MP: 5/7
  1630 | D:2      | Learned a level 2 spell: Sticks to Snakes
  1634 | D:2      | Learned a level 3 spell: Spider Form
  1849 | D:2      | Killed Sigmund
  1849 | D:2      | Reached skill level 5 in Unarmed Combat
  1849 | D:2      | Reached XP level 5. HP: 22/37 MP: 5/9
  2107 | D:3      | You fall into a shaft and drop 2 floors!
  2107 | D:5      | Entered Level 5 of the Dungeon
  2117 | D:5      | Found Metz's Armour Shoppe.
  2140 | D:5      | Reached XP level 6. HP: 38/43 MP: 6/10
  2161 | D:5      | Noticed a sky beast
  2175 | D:5      | Killed a sky beast
  2317 | D:5      | Gained mutation: You can translocate small distances at
                  | will. [potion of mutation]
  2317 | D:5      | Gained mutation: Your natural rate of healing is unusually
                  | fast. [potion of mutation]
  2317 | D:5      | Gained mutation: You have a somewhat thin skeletal
                  | structure. (Dex +2, Stealth) [potion of mutation]
  2317 | D:5      | Killed from afar by an orc priest

Levels and vault maps discovered:
D:1:      onia_arrival_larder, layout_basic, serial_forest,
          infiniplex_forest_lined_room_3, infiniplex_forest_straight_3,
          infiniplex_forest_pool, infiniplex_forest_clump_small,
          infiniplex_forest_straight_1, infiniplex_forest_end_3,
          infiniplex_forest_clump_large, infiniplex_forest_clump_C
D:2:      layout_basic, grunt_gozag_breadcrumbs, lemuel_round_altar,
          uniq_sigmund
D:3:      layout_loops_ring, ebering_ghost_rock_garden,
          chequers_ecumenical_altar_simple, kennysheep_pointless_box,
          chequers_serial_rivers_micro_c, uniq_grinder
D:5:      layout_basic, first_ration, gammafunk_ghost_hive,
          portal_sewer_entry_c, serial_shops, shop

Skill      XL: |  1  2  3  4 |
---------------+-------------+-----
Transmutations | 3 4 |  4.9
Unarmed Combat | 4 5 |  5.9
Spellcasting   | 3 |  3.4
Fighting       | |  1.1
Dodging        | |  2.6

Action                   |  1- 3 |  4- 6 || total
-------------------------+-------+-------++-------
Melee: Unarmed           |    90 |    22 ||   112
       Headbutt          |     9 |       ||     9
       Punch             |     2 |       ||     2
 Cast: Beastly Appendage |    23 |     2 ||    25
       Spider Form       |       |     3 ||     3
  Use: Scroll            |       |    11 ||    11
       Potion            |       |     1 ||     1
 Stab: Sleeping          |     3 |       ||     3
  Eat: Chunk             |     2 |     3 ||     5
Armor: Robe              |    24 |     2 ||    26
Dodge: Dodged            |    63 |    13 ||    76

Table legend:
 A = Non-vault XP
 B = Vault XP
 C = Vault XP percentage of total XP
 D = Non-vault monster count
 E = Vault monster count
 F = Vault count percentage of total count
                 A         B        C        D         E       F
            +---------+---------+-------+---------+---------+-------
      Total |     228 |     237 |  51.0 |      42 |       6 |  12.5
            +---------+---------+-------+---------+---------+-------
        D:1 |      44 |       6 |  12.0 |      24 |       5 |  17.2
        D:2 |      36 |     231 |  86.5 |      14 |       1 |   6.7
        D:3 |       1 |       0 |   0.0 |       1 |       0 |   0.0
        D:5 |     147 |       0 |   0.0 |       3 |       0 |   0.0
            +---------+---------+-------+---------+---------+-------
